Anaheim Ducks vs Hartford Whalers
Created - Sunday, September 24, 2023 at 09:09
Goals
|
| Anaheim Ducks |
0 |
3 |
2 |
1 |
6 |
| Hartford Whalers |
2 |
2 |
1 |
0 |
5 |
|
Shots
|
| Anaheim Ducks |
7 |
10 |
14 |
2 |
33 |
| Hartford Whalers |
11 |
8 |
13 |
0 |
32 |
|
1st period
1. Hartford Whalers , Marcus Foligno 9 (Alexis Lafreniere 11, Casey Cizikas 17) at 8:20
2. Hartford Whalers , Taylor Hall 15 (Alexander Wennberg 12, Josh Anderson 9) at 19:19
Penalties :
William Nylander (ANA) for Holding (Minor) at 4:00, John Hayden (HFD) for Roughing (Minor) at 13:00
2nd period
3. Hartford Whalers , Taylor Hall 16 (Alexander Wennberg 13) at 7:10
4. Anaheim Ducks , Joshua Morrissey 4 (William Nylander 22, John Tavares 20) at 7:40 (PP)
5. Anaheim Ducks , William Nylander 16 (John Tavares 21) at 8:45
6. Hartford Whalers , Taylor Hall 17 (Alexander Wennberg 14) at 10:05 (PP)
7. Anaheim Ducks , Mark Scheifele 12 (William Nylander 23, John Tavares 22) at 10:11
Penalties :
Taylor Hall (HFD) for Hooking (Minor) at 0:12, John Hayden (HFD) for Tripping (Minor) at 2:45, Casey Cizikas (HFD) for Interference (Minor) at 7:31, Josh Anderson (HFD) for Fighting (Major) at 8:37, Joshua Morrissey (ANA) for Fighting (Major) at 8:37, Mark Scheifele (ANA) for Hooking (Minor) at 10:03, Max Domi (ANA) for Interference (Minor) at 17:19
3rd period
8. Anaheim Ducks , Mark Scheifele 13 (William Nylander 24, Joshua Morrissey 4) at 2:30 (PP)
9. Hartford Whalers , Josh Anderson 5 (Taylor Hall 17, Alexander Wennberg 15) at 6:24 (PP)
10. Anaheim Ducks , William Nylander 17 (John Tavares 23) at 11:26 (PP)
Penalties :
Torey Krug (HFD) for Holding (Minor) at 2:12, Josh Manson (ANA) for Tripping (Minor) at 4:26, Josh Anderson (HFD) for Hooking (Minor) at 11:22, Alexis Lafreniere (HFD) for Interference (Minor) at 12:11, Alec Martinez (HFD) for Tripping (Minor) at 16:49
Overtime #1
11. Anaheim Ducks , Max Domi 2 (Mark Scheifele 12) at 0:41
Penalties :
No Penalty
Goalie Stats
Jack Campbell (ANA), 27 saves from 32 shots - (0.844), W, 1-4-0, 60:41 minutes
Anton Forsberg (HFD), 27 saves from 33 shots - (0.818), OTL, 6-7-6, 60:41 minutes
Players Stats for Anaheim Ducks
Player Name G A P +/- PIM S H SB GA TA FO MP PP MP PK MP
------------------------------------------------------------------------------------
Alex Killorn 0 0 0 0 0 3 2 0 0 0 0/0 20:54 4:11 3:12
Brayden Schenn 0 0 0 0 0 1 1 0 0 0 0/1 13:08 4:11 0:27
Brenden Dillon 0 0 0 1 0 0 3 0 0 1 0/0 22:09 4:16 3:07
Calle Jarnkrok 0 0 0 -2 0 1 0 0 0 0 0/0 7:32 0:14 0:00
Chandler Stephenson 0 0 0 0 0 2 2 0 0 1 12/20 21:01 4:11 3:12
Esa Lindell 0 0 0 1 0 0 2 4 0 0 0/0 26:21 4:16 3:11
Ivan Provorov 0 0 0 -2 0 1 1 1 0 0 0/0 14:18 0:00 3:24
J.T. Compher 0 0 0 0 0 2 0 0 0 0 4/5 10:58 0:14 2:25
Jakob Chychrun 0 0 0 0 0 0 2 1 0 0 0/0 20:38 6:10 0:09
John Tavares 0 4 4 1 0 2 1 3 0 1 21/38 20:57 6:01 0:15
Josh Manson 0 0 0 -1 2 0 0 0 0 0 0/0 15:30 0:00 2:05
Joshua Morrissey 1 1 2 1 5 3 0 4 0 0 0/0 22:24 6:10 0:00
Mark Scheifele 2 1 3 2 2 5 2 1 0 0 1/1 21:04 6:09 0:00
Mason Marchment 0 0 0 -2 0 2 0 0 1 0 0/0 7:18 0:00 0:00
Max Domi 1 0 1 1 2 4 1 0 0 0 1/1 12:40 0:06 0:00
Nazem Kadri 0 0 0 -2 0 0 1 0 0 0 0/1 7:18 0:00 0:00
Teuvo Teravainen 0 0 0 0 0 1 1 0 0 0 0/0 10:44 0:00 2:25
William Nylander 2 3 5 1 2 6 0 2 3 0 0/1 21:47 6:01 0:00
Players Stats for Hartford Whalers
Player Name G A P +/- PIM S H SB GA TA FO MP PP MP PK MP
------------------------------------------------------------------------------------
Alec Martinez 0 0 0 -1 2 1 1 2 0 1 0/0 23:11 3:07 4:25
Alexander Wennberg 0 4 4 1 0 3 0 0 0 0 18/31 20:54 2:48 5:13
Alexis Lafreniere 0 1 1 0 2 1 0 0 0 0 0/0 16:43 3:10 0:44
Anthony Mantha 0 0 0 0 0 3 0 0 0 1 0/1 12:47 0:00 1:08
Casey Cizikas 0 1 1 -1 2 1 1 0 0 0 6/16 21:09 3:10 4:52
Connor Clifton 0 0 0 1 0 1 1 1 0 0 0/0 13:30 0:00 0:42
Haydn Fleury 0 0 0 0 0 0 1 0 0 0 0/0 6:39 0:00 0:00
Jaccob Slavin 0 0 0 0 0 1 0 2 0 0 0/0 24:08 2:51 5:19
John Hayden 0 0 0 0 4 1 2 0 0 0 0/0 11:37 0:00 0:00
Josh Anderson 1 1 2 1 7 3 1 1 0 0 1/9 18:26 2:46 4:53
Joshua Norris 0 0 0 0 0 2 0 0 0 0 2/6 11:35 0:00 0:00
Lukas Reichel 0 0 0 0 0 1 0 0 0 0 0/1 6:39 0:00 0:00
Marcus Foligno 1 0 1 0 0 3 0 0 0 0 0/0 15:38 3:10 0:00
Mark Kastelic 0 0 0 -1 0 1 0 0 0 0 0/0 8:49 0:02 0:00
Taylor Hall 3 1 4 1 2 5 1 0 2 1 2/4 19:44 2:48 4:02
Thomas Chabot 0 0 0 0 0 3 4 0 1 1 0/0 24:08 2:51 5:19
Torey Krug 0 0 0 1 2 1 0 1 0 0 0/0 12:38 0:00 0:00
Trevor van Riemsdyk 0 0 0 -1 0 1 1 1 0 0 0/0 23:54 3:07 5:07
3 Stars
1 - William Nylander (ANA)
2 - Taylor Hall (HFD)
3 - Mark Scheifele (ANA)
Power Play
Anaheim Ducks - 3 on 8 Attempt(s) - 37.50%
Hartford Whalers - 2 on 4 Attempt(s) - 50.00%
Penalty Kill
Anaheim Ducks - 2 on 4 Attempt(s) - 50.00%
- Score 0 goal in Penalty Kill
Hartford Whalers - 5 on 8 Attempt(s) - 62.50%
- Score 0 goal in Penalty Kill
Team Stat
Anaheim Ducks - Hits : 19 - Faceoff Wins : 39 - Blocked Shots : 16 - Penalty Minutes : 13
Hartford Whalers - Hits : 13 - Faceoff Wins : 29 - Blocked Shots : 8 - Penalty Minutes : 21
Official
Referees : Greg Kimmerly and Evgeny Romasko
Linesman : Andy McElman and Trent Knorr
Game Notes
Joshua Morrissey beats up Josh Anderson at 8:37 of 2nd period
Taylor Hall has scored a Hat Trick!
Finance
Level 1 -- Attendance: 4838 (48.38%) -- Ticket Income $483,800
Level 2 -- Attendance: 3910 (78.20%) -- Ticket Income $234,600
Level 3 -- Attendance: 2217 (73.90%) -- Ticket Income $77,595
Level 4 -- Attendance: 3792 (75.84%) -- Ticket Income $94,800
Luxury Box -- Attendance: 799 (79.90%) -- Ticket Income $159,800
Game was played at the Hartford Civic Center.
Total Attendance: 15556 (64.82%)
Total Ticket Income: $1,050,595
Other Income: $367,708
Total Income: $1,418,303
Anaheim Ducks
5 vs 5 Forward
Center Left Wing Right Wing Time % Phy DF OF
1 John Tavares William Nylander Mark Scheifele 40 1 2 2
2 Chandler Stephenson Alex Killorn Max Domi 30 1 2 2
3 J.T. Compher Teuvo Teravainen Brayden Schenn 20 1 2 2
4 Nazem Kadri Mason Marchment Calle Jarnkrok 10 1 2 2
5 vs 5 Defense
Defense Defense Time % Phy DF OF
1 Esa Lindell Joshua Morrissey 40 1 2 2
2 Brenden Dillon Jakob Chychrun 35 1 2 2
3 Ivan Provorov Josh Manson 25 1 2 2
4 Esa Lindell Ivan Provorov 0 1 2 2
PowerPlay Forward
Center Left Wing Right Wing Time % Phy DF OF
1 John Tavares Mark Scheifele William Nylander 60 1 1 3
2 Chandler Stephenson Alex Killorn Brayden Schenn 40 1 1 3
PowerPlay Defense
Defense Defense Time % Phy DF OF
1 Joshua Morrissey Jakob Chychrun 55 1 2 2
2 Esa Lindell Brenden Dillon 45 1 2 2
Penalty Kill 4 Players Forward
Center Wing Time % Phy DF OF
1 Chandler Stephenson Alex Killorn 55 1 3 1
2 J.T. Compher Teuvo Teravainen 45 1 3 1
Penalty Kill 4 Players Defense
Defense Defense Time % Phy DF OF
1 Esa Lindell Brenden Dillon 50 1 3 1
2 Ivan Provorov Josh Manson 50 1 3 1
Penalty Kill - 3 Players Forward
Forward Time % Phy DF OF
1 Alex Killorn 50 1 3 1
2 J.T. Compher 50 1 3 1
Penalty Kill - 3 Players Defense
Defense Defense Time % Phy DF OF
1 Esa Lindell Brenden Dillon 50 1 3 1
2 Ivan Provorov Josh Manson 50 1 3 1
4 vs 4 Forward
Center Wing Time % Phy DF OF
1 John Tavares William Nylander 50 1 2 2
2 Max Domi Mark Scheifele 50 1 2 2
4 vs 4 Defense
Defense Defense Time % Phy DF OF
1 Esa Lindell Josh Manson 50 1 2 2
2 Brenden Dillon Joshua Morrissey 50 1 2 2
Last Minutes Offensive
Center Left Wing Right Wing Defense Defense
John Tavares William Nylander Mark Scheifele Joshua Morrissey Jakob Chychrun
Last Minutes Defensive
Center Left Wing Right Wing Defense Defense
Chandler Stephenson Alex Killorn Teuvo Teravainen Brenden Dillon Esa Lindell
Goaltenders
Starting : Jack Campbell
Backup : Linus Ullmark
Extra Forwards
Normal : Mark Scheifele, William Nylander, John Tavares - PP : William Nylander, Mark Scheifele - PK : Alex Killorn
Extra Defensemen
Normal : Josh Manson, Esa Lindell, Brenden Dillon - PP : Joshua Morrissey - PK : Esa Lindell, Josh Manson
Penalty Shots
William Nylander, Teuvo Teravainen, Mark Scheifele, Calle Jarnkrok, Alex Killorn
Hartford Whalers
5 vs 5 Forward
Center Left Wing Right Wing Time % Phy DF OF
1 Alexander Wennberg Taylor Hall Josh Anderson 30 1 2 2
2 Casey Cizikas Marcus Foligno Alexis Lafreniere 30 1 2 2
3 Joshua Norris Anthony Mantha John Hayden 25 1 2 2
4 Lukas Reichel Mark Kastelic Haydn Fleury 15 1 2 2
5 vs 5 Defense
Defense Defense Time % Phy DF OF
1 Jaccob Slavin Thomas Chabot 35 1 2 2
2 Trevor van Riemsdyk Alec Martinez 35 1 2 2
3 Torey Krug Connor Clifton 30 1 2 2
4 Jaccob Slavin Thomas Chabot 0 1 2 2
PowerPlay Forward
Center Left Wing Right Wing Time % Phy DF OF
1 Alexander Wennberg Taylor Hall Josh Anderson 50 1 2 2
2 Casey Cizikas Marcus Foligno Alexis Lafreniere 50 1 2 2
PowerPlay Defense
Defense Defense Time % Phy DF OF
1 Jaccob Slavin Thomas Chabot 50 1 2 2
2 Trevor van Riemsdyk Alec Martinez 50 1 2 2
Penalty Kill 4 Players Forward
Center Wing Time % Phy DF OF
1 Alexander Wennberg Taylor Hall 50 1 2 2
2 Josh Anderson Casey Cizikas 50 1 2 2
Penalty Kill 4 Players Defense
Defense Defense Time % Phy DF OF
1 Jaccob Slavin Thomas Chabot 50 1 2 2
2 Trevor van Riemsdyk Alec Martinez 50 1 2 2
Penalty Kill - 3 Players Forward
Forward Time % Phy DF OF
1 Alexander Wennberg 50 1 2 2
2 Taylor Hall 50 1 2 2
Penalty Kill - 3 Players Defense
Defense Defense Time % Phy DF OF
1 Jaccob Slavin Thomas Chabot 50 1 2 2
2 Trevor van Riemsdyk Alec Martinez 50 1 2 2
4 vs 4 Forward
Center Wing Time % Phy DF OF
1 Alexander Wennberg Taylor Hall 50 1 2 2
2 Josh Anderson Casey Cizikas 50 1 2 2
4 vs 4 Defense
Defense Defense Time % Phy DF OF
1 Jaccob Slavin Thomas Chabot 50 1 2 2
2 Trevor van Riemsdyk Alec Martinez 50 1 2 2
Last Minutes Offensive
Center Left Wing Right Wing Defense Defense
Alexander Wennberg Taylor Hall Josh Anderson Jaccob Slavin Thomas Chabot
Last Minutes Defensive
Center Left Wing Right Wing Defense Defense
Alexander Wennberg Taylor Hall Josh Anderson Jaccob Slavin Thomas Chabot
Goaltenders
Starting : Anton Forsberg
Backup : Logan Thompson
Extra Forwards
Normal : Mark Kastelic, Joshua Norris, Anthony Mantha - PP : Mark Kastelic, Joshua Norris - PK : Anthony Mantha
Extra Defensemen
Normal : Torey Krug, Connor Clifton, Haydn Fleury - PP : Torey Krug - PK : Connor Clifton, Haydn Fleury
Penalty Shots
Alexander Wennberg, Taylor Hall, Josh Anderson, Casey Cizikas, Marcus Foligno
% Time on Ice - Anaheim Ducks
Lines # - Real PCT - Wanted PCT - Time Play
Normal Forward
1 - 36% - 40% - 15:30
2 - 29% - 30% - 12:29
3 - 19% - 20% - 8:19
4 - 17% - 10% - 7:18
Normal Defense
1 - 42% - 40% - 18:10
2 - 34% - 35% - 14:48
3 - 24% - 25% - 10:38
4 - 0% - 0% - 0:00
PP Forward
1 - 60% - 60% - 6:15
2 - 40% - 40% - 4:11
PP Defense
1 - 59% - 55% - 6:10
2 - 41% - 45% - 4:16
PK Forward
1 - 59% - 55% - 3:33
2 - 41% - 45% - 2:25
PK Defense
1 - 43% - 50% - 2:34
2 - 57% - 50% - 3:24
PK3 Forward
1 - 0% - 50%
2 - 0% - 50%
PK3 Defense
1 - 0% - 50%
2 - 0% - 50%
44 Forward
1 - 49% - 50% - 0:20
2 - 51% - 50% - 0:21
44 Defense
1 - 68% - 50% - 0:28
2 - 32% - 50% - 0:13
Last Minute Offensive - 0:00
Last Minute Defensive - 0:00
Total
Forward - 60:41
Defense - 60:41
|
% Time on Ice - Hartford Whalers
Lines # - Real PCT - Wanted PCT - Time Play
Normal Forward
1 - 28% - 30% - 12:19
2 - 30% - 30% - 13:03
3 - 27% - 25% - 11:35
4 - 15% - 15% - 6:39
Normal Defense
1 - 35% - 35% - 15:24
2 - 36% - 35% - 15:33
3 - 29% - 30% - 12:39
4 - 0% - 0% - 0:00
PP Forward
1 - 47% - 50% - 2:48
2 - 53% - 50% - 3:10
PP Defense
1 - 48% - 50% - 2:51
2 - 52% - 50% - 3:07
PK Forward
1 - 51% - 50% - 5:19
2 - 49% - 50% - 5:07
PK Defense
1 - 51% - 50% - 5:19
2 - 49% - 50% - 5:07
PK3 Forward
1 - 0% - 50%
2 - 0% - 50%
PK3 Defense
1 - 0% - 50%
2 - 0% - 50%
44 Forward
1 - 83% - 50% - 0:34
2 - 17% - 50% - 0:07
44 Defense
1 - 83% - 50% - 0:34
2 - 17% - 50% - 0:07
Last Minute Offensive - 0:00
Last Minute Defensive - 0:00
Total
Forward - 60:41
Defense - 60:41
|
Play-by-Play
1st period
0:01 of 1st period - Alexander Wennberg wins face-off versus John Tavares in neutral zone.
0:06 of 1st period - Snap shot by Taylor Hall.
0:06 of 1st period - Shot Blocked by John Tavares.
0:08 of 1st period - Slapshot by Thomas Chabot.
0:08 of 1st period - Stopped by Jack Campbell with a rebound.
0:10 of 1st period - Slapshot by Thomas Chabot.
0:10 of 1st period - Deflect By John Tavares.
0:10 of 1st period - Stopped by Jack Campbell without a rebound.
0:11 of 1st period - Casey Cizikas wins face-off versus Chandler Stephenson in Anaheim Ducks zone.
0:12 of 1st period - Snap shot by Alexis Lafreniere.
0:12 of 1st period - Shot Misses the Net.
1:03 of 1st period - Snap shot by Joshua Norris.
1:03 of 1st period - Shot Blocked by William Nylander.
1:48 of 1st period - Wrist shot by Taylor Hall.
1:48 of 1st period - Stopped by Jack Campbell without a rebound.
1:49 of 1st period - John Tavares wins face-off versus Casey Cizikas in Anaheim Ducks zone.
2:00 of 1st period - Snap shot by William Nylander.
2:00 of 1st period - Stopped by Anton Forsberg with a rebound.
4:00 of 1st period - Minor Penalty to William Nylander for Holding.
4:01 of 1st period - Chandler Stephenson wins face-off versus Alexander Wennberg in Anaheim Ducks zone.
4:05 of 1st period - Alexander Wennberg is hit by Esa Lindell and loses puck.
5:03 of 1st period - Icing by Josh Anderson.
5:04 of 1st period - Alexander Wennberg wins face-off versus J.T. Compher in Hartford Whalers zone.
5:09 of 1st period - Josh Manson is hit by Thomas Chabot and loses puck.
5:20 of 1st period - Josh Manson is hit by Thomas Chabot and loses puck.
6:00 of 1st period - Penalty to William Nylander is over, William Nylander is back on ice.
6:13 of 1st period - Chandler Stephenson is hit by Alec Martinez and loses puck.
6:35 of 1st period - Connor Clifton is hit by Chandler Stephenson and loses puck.
7:02 of 1st period - Snap shot by Chandler Stephenson.
7:02 of 1st period - Shot Misses the Net.
7:04 of 1st period - Wrist shot by Brenden Dillon.
7:04 of 1st period - Shot Misses the Net.
7:06 of 1st period - Wrist shot by Alex Killorn.
7:06 of 1st period - Shot Misses the Net.
7:08 of 1st period - Snap shot by Alex Killorn.
7:08 of 1st period - Stopped by Anton Forsberg without a rebound.
7:09 of 1st period - J.T. Compher wins face-off versus Casey Cizikas in Hartford Whalers zone.
8:03 of 1st period - Josh Manson is hit by Trevor van Riemsdyk and loses puck.
8:18 of 1st period - Slapshot by Alexis Lafreniere.
8:18 of 1st period - Stopped by Jack Campbell with a rebound.
8:20 of 1st period - Snap shot by Marcus Foligno.
8:20 of 1st period - Goal by Marcus Foligno - Anaheim Ducks : 0 - Hartford Whalers : 1.
8:21 of 1st period - Alexander Wennberg wins face-off versus John Tavares in neutral zone.
8:24 of 1st period - Slapshot by Josh Anderson.
8:24 of 1st period - Deflect By Taylor Hall.
8:24 of 1st period - Stopped by Jack Campbell without a rebound.
8:25 of 1st period - Alexander Wennberg wins face-off versus John Tavares in Anaheim Ducks zone.
8:34 of 1st period - Wrist shot by Josh Anderson.
8:34 of 1st period - Shot Misses the Net.
10:19 of 1st period - Slapshot by Taylor Hall.
10:19 of 1st period - Deflect By Alexander Wennberg.
10:19 of 1st period - Stopped by Jack Campbell with a rebound.
10:25 of 1st period - Snap shot by Alex Killorn.
10:25 of 1st period - Stopped by Anton Forsberg without a rebound.
10:26 of 1st period - Alexander Wennberg wins face-off versus Chandler Stephenson in Hartford Whalers zone.
11:01 of 1st period - Marcus Foligno is hit by John Tavares and loses puck.
11:29 of 1st period - Wrist shot by Teuvo Teravainen.
11:29 of 1st period - Stopped by Anton Forsberg with a rebound.
13:00 of 1st period - Minor Penalty to John Hayden for Roughing.
13:01 of 1st period - John Tavares wins face-off versus Alexander Wennberg in Hartford Whalers zone.
13:20 of 1st period - Alec Martinez is hit by Jakob Chychrun and loses puck.
13:31 of 1st period - Casey Cizikas is hit by Brayden Schenn and loses puck.
15:00 of 1st period - Penalty to John Hayden is over, John Hayden is back on ice.
15:27 of 1st period - Wrist shot by Joshua Norris.
15:27 of 1st period - Stopped by Jack Campbell without a rebound.
15:28 of 1st period - Joshua Norris wins face-off versus Brayden Schenn in Anaheim Ducks zone.
15:29 of 1st period - Backhand shot by Anthony Mantha.
15:29 of 1st period - Shot Misses the Net.
16:36 of 1st period - Slapshot by William Nylander.
16:36 of 1st period - Shot Blocked by Connor Clifton.
16:38 of 1st period - Slapshot by Ivan Provorov.
16:38 of 1st period - Stopped by Anton Forsberg without a rebound.
16:39 of 1st period - Casey Cizikas wins face-off versus John Tavares in Hartford Whalers zone.
17:42 of 1st period - Jaccob Slavin is hit by Teuvo Teravainen and loses puck.
18:14 of 1st period - Slapshot by Joshua Norris.
18:14 of 1st period - Stopped by Jack Campbell with a rebound.
18:59 of 1st period - Wrist shot by J.T. Compher.
18:59 of 1st period - Shot Blocked by Jaccob Slavin.
19:01 of 1st period - Wrist shot by Ivan Provorov.
19:01 of 1st period - Shot Blocked by Jaccob Slavin.
19:03 of 1st period - Snap shot by Brayden Schenn.
19:03 of 1st period - Stopped by Anton Forsberg without a rebound.
19:04 of 1st period - Alexander Wennberg wins face-off versus John Tavares in Hartford Whalers zone.
19:17 of 1st period - Snap shot by Alexander Wennberg.
19:17 of 1st period - Stopped by Jack Campbell with a rebound.
19:19 of 1st period - Snap shot by Taylor Hall.
19:19 of 1st period - Goal by Taylor Hall - Anaheim Ducks : 0 - Hartford Whalers : 2.
19:20 of 1st period - Alexander Wennberg wins face-off versus John Tavares in neutral zone.
19:52 of 1st period - Snap shot by Alex Killorn.
19:52 of 1st period - Stopped by Anton Forsberg without a rebound.
19:53 of 1st period - Chandler Stephenson wins face-off versus Casey Cizikas in Hartford Whalers zone.
Goals for this period are 0 for Anaheim Ducks vs 2 for Hartford Whalers.
Shots for this period are 7 for Anaheim Ducks vs 11 for Hartford Whalers.
2nd period
0:01 of 2nd period - Alexander Wennberg wins face-off versus John Tavares in neutral zone.
0:07 of 2nd period - Off-side.
0:08 of 2nd period - John Tavares wins face-off versus Alexander Wennberg in neutral zone.
0:12 of 2nd period - Minor Penalty to Taylor Hall for Hooking.
0:13 of 2nd period - Alexander Wennberg wins face-off versus John Tavares in Hartford Whalers zone.
0:20 of 2nd period - Snap shot by Anthony Mantha.
0:20 of 2nd period - Stopped by Jack Campbell with a rebound.
2:12 of 2nd period - Penalty to Taylor Hall is over, Taylor Hall is back on ice.
2:19 of 2nd period - Torey Krug is hit by Jakob Chychrun and loses puck.
2:34 of 2nd period - J.T. Compher is hit by Connor Clifton and loses puck.
2:45 of 2nd period - Minor Penalty to John Hayden for Tripping.
2:46 of 2nd period - John Tavares wins face-off versus Josh Anderson in Hartford Whalers zone.
2:53 of 2nd period - Snap shot by Josh Anderson.
2:53 of 2nd period - Stopped by Jack Campbell with a rebound.
4:45 of 2nd period - Penalty to John Hayden is over, John Hayden is back on ice.
5:12 of 2nd period - Connor Clifton is hit by Brenden Dillon and loses puck.
6:13 of 2nd period - Joshua Morrissey is hit by Josh Anderson and loses puck.
7:06 of 2nd period - Snap shot by Alexander Wennberg.
7:06 of 2nd period - Deflect By Taylor Hall.
7:06 of 2nd period - Shot Blocked by Joshua Morrissey.
7:06 of 2nd period - Puck is out of play.
7:07 of 2nd period - Taylor Hall wins face-off versus Nazem Kadri in Anaheim Ducks zone.
7:10 of 2nd period - Snap shot by Taylor Hall.
7:10 of 2nd period - Goal by Taylor Hall - Anaheim Ducks : 0 - Hartford Whalers : 3.
7:11 of 2nd period - Alexander Wennberg wins face-off versus John Tavares in neutral zone.
7:28 of 2nd period - Snap shot by William Nylander.
7:28 of 2nd period - Deflect By Mark Scheifele.
7:28 of 2nd period - Shot Misses the Net.
7:28 of 2nd period - Puck is out of play.
7:29 of 2nd period - Casey Cizikas wins face-off versus Chandler Stephenson in Hartford Whalers zone.
7:31 of 2nd period - Minor Penalty to Casey Cizikas for Interference.
7:32 of 2nd period - John Tavares wins face-off versus Josh Anderson in Hartford Whalers zone.
7:34 of 2nd period - Wrist shot by William Nylander.
7:34 of 2nd period - Stopped by Anton Forsberg without a rebound.
7:35 of 2nd period - John Tavares wins face-off versus Josh Anderson in Hartford Whalers zone.
7:38 of 2nd period - Snap shot by William Nylander.
7:38 of 2nd period - Stopped by Anton Forsberg with a rebound.
7:40 of 2nd period - Slapshot by Joshua Morrissey.
7:40 of 2nd period - Goal by Joshua Morrissey - Anaheim Ducks : 1 - Hartford Whalers : 3.
7:41 of 2nd period - Alexander Wennberg wins face-off versus John Tavares in neutral zone.
8:06 of 2nd period - Alexis Lafreniere is hit by Chandler Stephenson.
8:14 of 2nd period - Off-side.
8:15 of 2nd period - Alexander Wennberg wins face-off versus Chandler Stephenson in neutral zone.
8:18 of 2nd period - Snap shot by Alexander Wennberg.
8:18 of 2nd period - Deflect By Chandler Stephenson.
8:18 of 2nd period - Shot Misses the Net.
8:18 of 2nd period - Puck is out of play.
8:19 of 2nd period - Alexander Wennberg wins face-off versus Chandler Stephenson in Anaheim Ducks zone.
8:37 of 2nd period - Joshua Morrissey beats up Josh Anderson.
8:37 of 2nd period - Penalty to Josh Anderson for Fighting.
8:37 of 2nd period - Penalty to Joshua Morrissey for Fighting.
8:38 of 2nd period - John Tavares wins face-off versus Casey Cizikas in Hartford Whalers zone.
8:41 of 2nd period - Slapshot by John Tavares.
8:41 of 2nd period - Deflect By Marcus Foligno.
8:41 of 2nd period - Shot Blocked by Alec Martinez.
8:41 of 2nd period - Puck is out of play.
8:42 of 2nd period - John Tavares wins face-off versus Casey Cizikas in Hartford Whalers zone.
8:43 of 2nd period - Wrist shot by William Nylander.
8:43 of 2nd period - Shot Misses the Net.
8:45 of 2nd period - Wrist shot by William Nylander.
8:45 of 2nd period - Goal by William Nylander - Anaheim Ducks : 2 - Hartford Whalers : 3.
8:46 of 2nd period - Casey Cizikas wins face-off versus John Tavares in neutral zone.
8:53 of 2nd period - Wrist shot by Alexis Lafreniere.
8:53 of 2nd period - Shot Misses the Net.
9:22 of 2nd period - Wrist shot by Alexander Wennberg.
9:22 of 2nd period - Shot Blocked by Esa Lindell.
9:24 of 2nd period - Slapshot by Mark Kastelic.
9:24 of 2nd period - Stopped by Jack Campbell with a rebound.
9:40 of 2nd period - Wrist shot by J.T. Compher.
9:40 of 2nd period - Stopped by Anton Forsberg without a rebound.
9:41 of 2nd period - Casey Cizikas wins face-off versus John Tavares in Hartford Whalers zone.
9:41 of 2nd period - Casey Cizikas is hit by Brenden Dillon.
10:03 of 2nd period - Minor Penalty to Mark Scheifele for Hooking.
10:04 of 2nd period - Alexander Wennberg wins face-off versus Chandler Stephenson in Anaheim Ducks zone.
10:05 of 2nd period - Wrist shot by Taylor Hall.
10:05 of 2nd period - Goal by Taylor Hall - Anaheim Ducks : 2 - Hartford Whalers : 4.
10:06 of 2nd period - John Tavares wins face-off versus Alexander Wennberg in neutral zone.
10:11 of 2nd period - Slapshot by William Nylander.
10:11 of 2nd period - Deflect By Mark Scheifele.
10:11 of 2nd period - Goal by Mark Scheifele - Anaheim Ducks : 3 - Hartford Whalers : 4.
10:12 of 2nd period - John Tavares wins face-off versus Alexander Wennberg in neutral zone.
10:27 of 2nd period - Snap shot by Mark Scheifele.
10:27 of 2nd period - Stopped by Anton Forsberg with a rebound.
10:46 of 2nd period - Snap shot by Alexis Lafreniere.
10:46 of 2nd period - Shot Blocked by Esa Lindell.
11:06 of 2nd period - Wrist shot by Anthony Mantha.
11:06 of 2nd period - Shot Blocked by Esa Lindell.
11:31 of 2nd period - Wrist shot by Lukas Reichel.
11:31 of 2nd period - Shot Misses the Net.
11:41 of 2nd period - Snap shot by J.T. Compher.
11:41 of 2nd period - Stopped by Anton Forsberg without a rebound.
11:42 of 2nd period - John Tavares wins face-off versus Casey Cizikas in Hartford Whalers zone.
11:53 of 2nd period - Thomas Chabot is hit by Mark Scheifele.
12:06 of 2nd period - Icing by Taylor Hall.
12:07 of 2nd period - Chandler Stephenson wins face-off versus Alexander Wennberg in Hartford Whalers zone.
12:18 of 2nd period - Snap shot by Alex Killorn.
12:18 of 2nd period - Shot Misses the Net.
12:20 of 2nd period - Snap shot by Alex Killorn.
12:20 of 2nd period - Shot Misses the Net.
13:03 of 2nd period - Snap shot by Mark Scheifele.
13:03 of 2nd period - Stopped by Anton Forsberg with a rebound.
13:23 of 2nd period - Wrist shot by Marcus Foligno.
13:23 of 2nd period - Stopped by Jack Campbell with a rebound.
13:25 of 2nd period - Snap shot by Marcus Foligno.
13:25 of 2nd period - Deflect By Alexis Lafreniere.
13:25 of 2nd period - Shot Misses the Net.
13:25 of 2nd period - Puck is out of play.
13:26 of 2nd period - John Tavares wins face-off versus Casey Cizikas in Anaheim Ducks zone.
14:38 of 2nd period - Calle Jarnkrok is hit by John Hayden and loses puck.
15:09 of 2nd period - Icing by Jakob Chychrun.
15:10 of 2nd period - Alexander Wennberg wins face-off versus William Nylander in Anaheim Ducks zone.
15:19 of 2nd period - Thomas Chabot is hit by Mark Scheifele and loses puck.
15:44 of 2nd period - Snap shot by Alexander Wennberg.
15:44 of 2nd period - Shot Blocked by John Tavares.
15:46 of 2nd period - Slapshot by Thomas Chabot.
15:46 of 2nd period - Shot Blocked by William Nylander.
15:48 of 2nd period - Slapshot by Jaccob Slavin.
15:48 of 2nd period - Stopped by Jack Campbell with a rebound.
16:49 of 2nd period - Slapshot by Joshua Morrissey.
16:49 of 2nd period - Stopped by Anton Forsberg with a rebound.
17:19 of 2nd period - Minor Penalty to Max Domi for Interference.
17:20 of 2nd period - Chandler Stephenson wins face-off versus Taylor Hall in Anaheim Ducks zone.
17:20 of 2nd period - Chandler Stephenson is hit by Taylor Hall.
17:36 of 2nd period - Wrist shot by Alexander Wennberg.
17:36 of 2nd period - Deflect By Josh Anderson.
17:36 of 2nd period - Stopped by Jack Campbell with a rebound.
17:46 of 2nd period - Alexis Lafreniere is hit by Ivan Provorov and loses puck.
19:19 of 2nd period - Penalty to Max Domi is over, Max Domi is back on ice.
Goals for this period are 3 for Anaheim Ducks vs 2 for Hartford Whalers.
Shots for this period are 10 for Anaheim Ducks vs 8 for Hartford Whalers.
3rd period
0:01 of 3rd period - Casey Cizikas wins face-off versus John Tavares in neutral zone.
0:16 of 3rd period - Wrist shot by William Nylander.
0:16 of 3rd period - Stopped by Anton Forsberg without a rebound.
0:17 of 3rd period - Chandler Stephenson wins face-off versus Alexander Wennberg in Hartford Whalers zone.
0:51 of 3rd period - Snap shot by Alexis Lafreniere.
0:51 of 3rd period - Shot Misses the Net.
0:53 of 3rd period - Snap shot by Marcus Foligno.
0:53 of 3rd period - Stopped by Jack Campbell with a rebound.
1:15 of 3rd period - Slapshot by Joshua Morrissey.
1:15 of 3rd period - Stopped by Anton Forsberg with a rebound.
1:56 of 3rd period - Wrist shot by Nazem Kadri.
1:56 of 3rd period - Shot Hit the Post.
1:58 of 3rd period - Snap shot by Calle Jarnkrok.
1:58 of 3rd period - Stopped by Anton Forsberg with a rebound.
2:00 of 3rd period - Snap shot by Mason Marchment.
2:00 of 3rd period - Stopped by Anton Forsberg with a rebound.
2:02 of 3rd period - Slapshot by Mason Marchment.
2:02 of 3rd period - Stopped by Anton Forsberg with a rebound.
2:04 of 3rd period - Wrist shot by Nazem Kadri.
2:04 of 3rd period - Shot Blocked by Torey Krug.
2:12 of 3rd period - Minor Penalty to Torey Krug for Holding.
2:13 of 3rd period - John Tavares wins face-off versus Josh Anderson in Hartford Whalers zone.
2:28 of 3rd period - Wrist shot by Joshua Morrissey.
2:28 of 3rd period - Shot Blocked by Alec Martinez.
2:30 of 3rd period - Wrist shot by William Nylander.
2:30 of 3rd period - Deflect By Mark Scheifele.
2:30 of 3rd period - Goal by Mark Scheifele - Anaheim Ducks : 4 - Hartford Whalers : 4.
2:31 of 3rd period - John Tavares wins face-off versus Alexander Wennberg in neutral zone.
2:58 of 3rd period - Marcus Foligno is hit by Brenden Dillon and loses puck.
3:07 of 3rd period - Alexis Lafreniere is hit by Alex Killorn.
3:29 of 3rd period - Snap shot by Anthony Mantha.
3:29 of 3rd period - Stopped by Jack Campbell without a rebound.
3:30 of 3rd period - Taylor Hall wins face-off versus John Tavares in Anaheim Ducks zone.
3:45 of 3rd period - Alexander Wennberg is hit by Esa Lindell and loses puck.
4:04 of 3rd period - Off-side.
4:05 of 3rd period - John Tavares wins face-off versus Casey Cizikas in neutral zone.
4:10 of 3rd period - Slapshot by John Tavares.
4:10 of 3rd period - Stopped by Anton Forsberg with a rebound.
4:12 of 3rd period - Slapshot by Josh Manson.
4:12 of 3rd period - Deflect By William Nylander.
4:12 of 3rd period - Shot Blocked by Trevor van Riemsdyk.
4:12 of 3rd period - Puck is out of play.
4:13 of 3rd period - John Tavares wins face-off versus Casey Cizikas in Hartford Whalers zone.
4:26 of 3rd period - Minor Penalty to Josh Manson for Tripping.
4:27 of 3rd period - Chandler Stephenson wins face-off versus Alexander Wennberg in Anaheim Ducks zone.
5:12 of 3rd period - Wrist shot by Alexander Wennberg.
5:12 of 3rd period - Shot Misses the Net.
5:14 of 3rd period - Slapshot by Alec Martinez.
5:14 of 3rd period - Stopped by Jack Campbell without a rebound.
5:15 of 3rd period - J.T. Compher wins face-off versus Alexander Wennberg in Anaheim Ducks zone.
5:15 of 3rd period - J.T. Compher is hit by Thomas Chabot.
5:50 of 3rd period - Teuvo Teravainen is hit by Casey Cizikas and loses puck.
6:18 of 3rd period - Slapshot by Alec Martinez.
6:18 of 3rd period - Deflect By Alexander Wennberg.
6:18 of 3rd period - Stopped by Jack Campbell without a rebound.
6:19 of 3rd period - Alexander Wennberg wins face-off versus Chandler Stephenson in Anaheim Ducks zone.
6:22 of 3rd period - Slapshot by Taylor Hall.
6:22 of 3rd period - Shot Misses the Net.
6:24 of 3rd period - Snap shot by Josh Anderson.
6:24 of 3rd period - Goal by Josh Anderson - Anaheim Ducks : 4 - Hartford Whalers : 5.
6:25 of 3rd period - John Tavares wins face-off versus Alexander Wennberg in neutral zone.
6:30 of 3rd period - Snap shot by Mark Scheifele.
6:30 of 3rd period - Stopped by Anton Forsberg with a rebound.
6:57 of 3rd period - Snap shot by Max Domi.
6:57 of 3rd period - Stopped by Anton Forsberg without a rebound.
6:58 of 3rd period - Chandler Stephenson wins face-off versus Casey Cizikas in Hartford Whalers zone.
7:11 of 3rd period - Wrist shot by Alexis Lafreniere.
7:11 of 3rd period - Deflect By Casey Cizikas.
7:11 of 3rd period - Stopped by Jack Campbell with a rebound.
7:21 of 3rd period - Snap shot by Marcus Foligno.
7:21 of 3rd period - Shot Blocked by Joshua Morrissey.
7:52 of 3rd period - Wrist shot by Max Domi.
7:52 of 3rd period - Stopped by Anton Forsberg with a rebound.
7:54 of 3rd period - Slapshot by Esa Lindell.
7:54 of 3rd period - Deflect By Chandler Stephenson.
7:54 of 3rd period - Stopped by Anton Forsberg without a rebound.
7:55 of 3rd period - John Tavares wins face-off versus Taylor Hall in Hartford Whalers zone.
8:31 of 3rd period - Slapshot by Joshua Norris.
8:31 of 3rd period - Shot Misses the Net.
8:34 of 3rd period - Icing by J.T. Compher.
8:35 of 3rd period - J.T. Compher wins face-off versus Joshua Norris in Anaheim Ducks zone.
8:37 of 3rd period - Icing by Brayden Schenn.
8:38 of 3rd period - J.T. Compher wins face-off versus Joshua Norris in Anaheim Ducks zone.
8:51 of 3rd period - Wrist shot by Joshua Norris.
8:51 of 3rd period - Deflect By John Hayden.
8:51 of 3rd period - Stopped by Jack Campbell with a rebound.
8:53 of 3rd period - Snap shot by Anthony Mantha.
8:53 of 3rd period - Stopped by Jack Campbell with a rebound.
9:13 of 3rd period - Snap shot by Mark Scheifele.
9:13 of 3rd period - Shot Misses the Net.
9:59 of 3rd period - Mark Kastelic is hit by Nazem Kadri.
10:39 of 3rd period - Slapshot by Torey Krug.
10:39 of 3rd period - Shot Blocked by Esa Lindell.
10:53 of 3rd period - Wrist shot by Marcus Foligno.
10:53 of 3rd period - Shot Blocked by Joshua Morrissey.
10:58 of 3rd period - Off-side.
10:59 of 3rd period - Chandler Stephenson wins face-off versus Alexander Wennberg in neutral zone.
11:10 of 3rd period - Snap shot by Chandler Stephenson.
11:10 of 3rd period - Stopped by Anton Forsberg with a rebound.
11:12 of 3rd period - Slapshot by Max Domi.
11:12 of 3rd period - Shot Misses the Net.
11:22 of 3rd period - Minor Penalty to Josh Anderson for Hooking.
11:23 of 3rd period - John Tavares wins face-off versus Anthony Mantha in Hartford Whalers zone.
11:26 of 3rd period - Snap shot by William Nylander.
11:26 of 3rd period - Goal by William Nylander - Anaheim Ducks : 5 - Hartford Whalers : 5.
11:27 of 3rd period - Alexander Wennberg wins face-off versus John Tavares in neutral zone.
11:41 of 3rd period - Snap shot by Taylor Hall.
11:41 of 3rd period - Shot Misses the Net.
11:43 of 3rd period - Slapshot by Alexander Wennberg.
11:43 of 3rd period - Shot Misses the Net.
12:11 of 3rd period - Minor Penalty to Alexis Lafreniere for Interference.
12:12 of 3rd period - Josh Anderson wins face-off versus John Tavares in Hartford Whalers zone.
12:19 of 3rd period - Slapshot by Thomas Chabot.
12:19 of 3rd period - Shot Blocked by Jakob Chychrun.
12:21 of 3rd period - Slapshot by Thomas Chabot.
12:21 of 3rd period - Shot Blocked by John Tavares.
12:23 of 3rd period - Snap shot by Thomas Chabot.
12:23 of 3rd period - Deflect By Josh Anderson.
12:23 of 3rd period - Shot Misses the Net.
12:23 of 3rd period - Puck is out of play.
12:24 of 3rd period - Alexander Wennberg wins face-off versus John Tavares in Anaheim Ducks zone.
13:07 of 3rd period - Slapshot by Thomas Chabot.
13:07 of 3rd period - Stopped by Jack Campbell without a rebound.
13:08 of 3rd period - John Tavares wins face-off versus Josh Anderson in Anaheim Ducks zone.
13:33 of 3rd period - Jakob Chychrun is hit by Thomas Chabot and loses puck.
14:11 of 3rd period - Penalty to Alexis Lafreniere is over, Alexis Lafreniere is back on ice.
14:56 of 3rd period - Slapshot by Trevor van Riemsdyk.
14:56 of 3rd period - Stopped by Jack Campbell with a rebound.
14:58 of 3rd period - Wrist shot by Lukas Reichel.
14:58 of 3rd period - Stopped by Jack Campbell without a rebound.
14:59 of 3rd period - Chandler Stephenson wins face-off versus Joshua Norris in Anaheim Ducks zone.
14:59 of 3rd period - Chandler Stephenson is hit by John Hayden.
15:31 of 3rd period - Slapshot by Torey Krug.
15:31 of 3rd period - Stopped by Jack Campbell with a rebound.
15:33 of 3rd period - Slapshot by Connor Clifton.
15:33 of 3rd period - Stopped by Jack Campbell with a rebound.
15:35 of 3rd period - Slapshot by Torey Krug.
15:35 of 3rd period - Shot Blocked by Mark Scheifele.
16:13 of 3rd period - Snap shot by Alexander Wennberg.
16:13 of 3rd period - Shot Blocked by Ivan Provorov.
16:49 of 3rd period - Minor Penalty to Alec Martinez for Tripping.
16:50 of 3rd period - Mark Scheifele wins face-off versus Josh Anderson in Hartford Whalers zone.
16:51 of 3rd period - Snap shot by William Nylander.
16:51 of 3rd period - Shot Misses the Net.
17:26 of 3rd period - Wrist shot by John Tavares.
17:26 of 3rd period - Stopped by Anton Forsberg without a rebound.
17:27 of 3rd period - Chandler Stephenson wins face-off versus Josh Anderson in Hartford Whalers zone.
17:38 of 3rd period - Trevor van Riemsdyk is hit by Alex Killorn and loses puck.
18:49 of 3rd period - Penalty to Alec Martinez is over, Alec Martinez is back on ice.
18:57 of 3rd period - Icing by Jakob Chychrun.
18:58 of 3rd period - Joshua Norris wins face-off versus Chandler Stephenson in Anaheim Ducks zone.
19:03 of 3rd period - Snap shot by Anthony Mantha.
19:03 of 3rd period - Shot Misses the Net.
19:05 of 3rd period - Wrist shot by Joshua Norris.
19:05 of 3rd period - Deflect By Anthony Mantha.
19:05 of 3rd period - Shot Blocked by Joshua Morrissey.
19:05 of 3rd period - Puck is out of play.
19:06 of 3rd period - Chandler Stephenson wins face-off versus Joshua Norris in Anaheim Ducks zone.
19:19 of 3rd period - Slapshot by Torey Krug.
19:19 of 3rd period - Deflect By Lukas Reichel.
19:19 of 3rd period - Shot Misses the Net.
19:19 of 3rd period - Puck is out of play.
19:20 of 3rd period - Chandler Stephenson wins face-off versus Lukas Reichel in Anaheim Ducks zone.
19:20 of 3rd period - Chandler Stephenson is hit by Haydn Fleury.
19:28 of 3rd period - Snap shot by Max Domi.
19:28 of 3rd period - Shot Misses the Net.
Goals for this period are 2 for Anaheim Ducks vs 1 for Hartford Whalers.
Shots for this period are 14 for Anaheim Ducks vs 13 for Hartford Whalers.
Overtime #1
0:01 of 1st overtime period - John Tavares wins face-off versus Alexander Wennberg in neutral zone.
0:26 of 1st overtime period - Jaccob Slavin is hit by Max Domi and loses puck.
0:31 of 1st overtime period - Wrist shot by Mark Scheifele.
0:31 of 1st overtime period - Shot Misses the Net.
0:33 of 1st overtime period - Wrist shot by Max Domi.
0:33 of 1st overtime period - Stopped by Anton Forsberg without a rebound.
0:34 of 1st overtime period - Max Domi wins face-off versus Josh Anderson in Hartford Whalers zone.
0:39 of 1st overtime period - Snap shot by Max Domi.
0:39 of 1st overtime period - Shot Blocked by Josh Anderson.
0:41 of 1st overtime period - Snap shot by Max Domi.
0:41 of 1st overtime period - Goal by Max Domi - Anaheim Ducks : 6 - Hartford Whalers : 5.
Goals for this period are 1 for Anaheim Ducks vs 0 for Hartford Whalers.
Shots for this period are 2 for Anaheim Ducks vs 0 for Hartford Whalers.
Back to the Top